 Dungeon Crawl Stone Soup version 0.31-a0-705-ga145531891 (webtiles) character file.

Game seed: 13556866579447498022

692 randomguy2701 the Cleaver (level 7, -3/60 HPs)
             Began as a Hill Orc Fighter on Sept 10, 2023.
             Was an Initiate of Beogh.
             Killed from afar by a white imp (8 damage)
             ... with a puff of frost
             ... on level 5 of the Dungeon.
             The game lasted 00:03:32 (3578 turns).

randomguy2701 the Cleaver (Hill Orc Fighter)        Turns: 3578, Time: 00:03:33

Health: -3/60      AC:  9    Str: 19    XL:     7   Next: 63%
Magic:  0/7        EV: 11    Int:  8    God:    Beogh [......]
Gold:   233        SH:  5    Dex: 14    Spells: 6/6 levels left

rFire   . . .        a - +0 war axe
rCold   . . .        c - +0 buckler
rNeg    . . .        o - +6 leather armour of the Moneychanger {rElec Dex+2}
rPois   .            (no helmet)
rElec   +            (no cloak)
rCorr   .            (no gloves)
SInv    .            (no boots)
Will    +....        m - amulet of guardian spirit
Stlth   +            l - ring of willpower
HPRegen 0.30/turn    (no ring)
MPRegen 0.10/turn

%: guardian spirit
@: very slow
A: no striking features
a: Renounce Religion


You were on level 5 of the Dungeon.
You worshipped Beogh.
Beogh was noncommittal.
You visited 1 branch of the dungeon, and saw 5 of its levels.

You collected 233 gold pieces.

Inventory:

Hand Weapons
 a - a +0 war axe (weapon)
Armour
 c - a +0 buckler (worn)
 o - the +6 leather armour of the Moneychanger (worn) {rElec Dex+2}
   (You found it on level 2 of the Dungeon)

   Dex+2:     It affects your dexterity (+2).
   rElec:     It insulates you from electricity.
Jewellery
 l - a ring of willpower (left hand)
 m - an amulet of guardian spirit (around neck)
Wands
 s - a wand of polymorph (7)
Scrolls
 b - 3 scrolls of identify {unknown}
 h - a scroll of poison {unknown}
 i - 2 scrolls of immolation {unknown}
 j - 2 scrolls of revelation {unknown}
 n - 3 scrolls of enchant armour {unknown}
 r - 2 scrolls of fear {unknown}
 u - a scroll of vulnerability {unknown}
 w - a scroll of acquirement {unknown}
Potions
 d - 3 potions of might
 e - 2 potions of haste {unknown}
 f - 2 potions of curing {unknown}
 g - 2 potions of attraction {unknown}
 k - a potion of invisibility {unknown}
 p - a potion of resistance {unknown}
 q - a potion of magic {unknown}
 t - a potion of enlightenment {unknown}
 v - a potion of brilliance {unknown}
 x - a potion of ambrosia {unknown}


   Skills:
 + Level 4.7 Fighting
 + Level 8.1 Axes
 + Level 4.5 Armour
 + Level 2.0 Dodging
 + Level 0.3 Stealth
 + Level 4.5 Shields


You had 6 spell levels left.
You didn't know any spells.
Your spell library contained the following spells:

 Spells                   Type           Power      Damage    Failure   Level
 Magic Dart               Conj           0%         1d3       54%         1
 Call Imp                 Summ           0%         N/A       67%         2
 Mephitic Cloud           Conj/Pois/Air  0%         N/A       88%         3
 Tukima's Dance           Hex            0%         N/A       88%         3
 Passage of Golubria      Tloc           0%         N/A       99%         4
 Yara's Violent Unravell  Hex/Tmut       0%         3d3       100%        5


Dungeon Overview and Level Annotations

Branches:
Dungeon (5/15)
 Temple: D:4-7

Altars:
Hepliaklqana
Nemelex Xobeh
Ru
Trog


Message History

You hear a splashing noise.
Your unstable footing causes you to fumble your attack.
You hear some strange, mumbled words.
Something tries to affect you, but you resist.
Your unstable footing causes you to fumble your attack.
You hear some strange, mumbled words.
A puff of flame appears from out of thin air!
The puff of flame hits you!
* * * LOW HITPOINT WARNING * * *
The white imp shouts, "Bolt, thou horrid clay-brained simpleton!"
You hit something but do no damage.
You are engulfed in a cloud of scalding steam.
* * * LOW HITPOINT WARNING * * *
Something hits you but does no damage.
You hit something.
You hear a splashing noise.
Your unstable footing causes you to fumble your attack.
You hear some strange, mumbled words.
A puff of flame appears from out of thin air!
The puff of flame hits you!
* * * LOW HITPOINT WARNING * * *
You hear a splashing noise.
An orc comes into view. It is wielding a +0 club.
You hear some strange, mumbled words.
A puff of flame appears from out of thin air!
The puff of flame hits you.
* * * LOW HITPOINT WARNING * * *
The white imp gestures at you. You block the puff of frost.
You hear the brisk rusting of a drain very nearby.
The white imp gestures at you. The puff of frost hits you.
* * * LOW HITPOINT WARNING * * *
The white imp gestures at you.
The puff of frost hits you but does no damage.
The white imp gestures at you. You block the puff of frost.
The white imp gestures at you. The puff of frost hits you!
You die...

#. ##...#......#.......#
#.##...........#.......#
#.......##..####.......#
#............# #.##....#
#...##....#..# ####..>.#
#....#..#.##..# ##.....#
#.##.†....# #..##....##.# .
#####....#############.#########.
.......#.<# #~@# #.####.#....
.....###....# #~## #.#.........
......##.#### #5## #....)......
..#....#....# #o~# #.†.)#...... .
##........#~##~# #.†))#......
#...)...<#~~~~# #..........#
####...######o#~# #........###
#......#~~~~~~# #...........
#..#....#{########.......#..#


You could see an orc wizard and a white imp.

Vanquished Creatures
  Grinder (D:4)
  A scorpion (D:5)
  A howler monkey (D:4)
  2 hounds (D:5)
  A sleepcap (D:4)
  An iguana (D:5)
  An orc wizard (D:3)
  4 gnolls (D:5)
  9 adders
  3 river rats (D:5)
  4 worms (D:5)
  3 dart slugs
  12 orcs
  6 ball pythons
  5 endoplasms
  A giant cockroach (D:4)
  8 goblins
  2 hobgoblins
  5 jackals
  3 quokkas
  5 bats
  A frilled lizard (D:1)
  6 kobolds
  6 rats
91 creatures vanquished.

Vanquished Creatures (others)
  A white imp (D:5)
1 creature vanquished.

Grand Total: 92 creatures vanquished

Notes
Turn   | Place    | Note
-------+----------+-------------------------------------------
     0 | D:1      | randomguy2701 the Hill Orc Fighter began the quest for the
                  | Orb.
     0 | D:1      | Reached XP level 1. HP: 19/19 MP: 1/1
   121 | D:1      | Reached XP level 2. HP: 27/27 MP: 2/2
   155 | D:1      | Reached skill level 3 in Axes
   307 | D:1      | Found a faded altar of an unknown god.
   729 | D:2      | Reached XP level 3. HP: 33/33 MP: 3/3
  1114 | D:2      | Identified the +7 short sword of the Vaults {protect,
                  | Fragile rElec rC- rN+++}
  1183 | D:2      | Identified the +6 leather armour of the Moneychanger {rElec
                  | Dex+2}
  1633 | D:3      | Reached skill level 4 in Axes
  1640 | D:3      | Found a bloodstained altar of Trog.
  1741 | D:3      | Reached XP level 4. HP: 40/40 MP: 4/4
  1746 | D:3      | Reached skill level 1 in Dodging
  2175 | D:3      | Found a sacrificial altar of Ru.
  2175 | D:3      | Found a sparkling altar of Nemelex Xobeh.
  2175 | D:3      | Found a hazy altar of Hepliaklqana.
  2562 | D:4      | Reached XP level 5. HP: 46/46 MP: 5/5
  2602 | D:4      | Reached skill level 5 in Axes
  2843 | D:4      | Noticed Grinder
  2863 | D:4      | Killed Grinder
  2864 | D:4      | Reached skill level 6 in Axes
  2864 | D:4      | Reached XP level 6. HP: 23/53 MP: 3/6
  3238 | D:5      | Entered Level 5 of the Dungeon
  3303 | D:5      | Reached XP level 7. HP: 54/60 MP: 7/7
  3330 | D:5      | Reached skill level 7 in Axes
  3520 | D:5      | Became a worshipper of Beogh the Brigand
  3552 | D:5      | Reached skill level 8 in Axes
  3574 | D:5      | HP: 3/60 [white imp/puff of frost (4)]
  3578 | D:5      | Killed from afar by a white imp

Illustrated notes

Levels and vault maps discovered:
D:1:      dpeg_arrival_shelter, layout_rooms,
          shapermc_ecumenical_altar_flowoftime, lemuel_flame_loot_1
D:2:      layout_loops_corners
D:3:      layout_basic, mainiacjoe_overflow_alcove_2,
          gammafunk_temple_overflow_claw
D:4:      layout_basic, uniq_grinder
D:5:      kennysheep_windowed_halls, layout_cave_pools, grunt_qazlal_clouds,
          lightli_sewer_entry_pipes, grunt_ministairs_3, minivault_5,
          nicolae_shop_self_help

Skill      XL: |  1  2  3  4  5  6  7 |
---------------+----------------------+-----
Axes           | 3 4 6 8 |  8.1
Fighting       | 4 |  4.7
Dodging        | 1 2 |  2.0
Armour         | 4 |  4.5
Shields        | 4 |  4.5
Stealth        | |  0.3

Action                     |  1- 3 |  4- 6 |  7- 9 || total
---------------------------+-------+-------+-------++-------
  Melee: War axe           |   117 |   107 |    70 ||   294
 Invoke: Convert to Beogh  |       |       |     1 ||     1
   Stab: Sleeping          |       |     1 |       ||     1
 Armour: Scale mail        |    66 |       |       ||    66
         Leather armour    |    20 |    55 |    62 ||   137
  Dodge: Dodged            |    62 |    60 |    35 ||   157
  Block: Buckler           |    21 |    32 |    20 ||    73

Table legend: (Time is in decaauts)
 A = Elapsed time spent in this place.
 B = Non-inter-level travel time spent in this place.
 C = Inter-level travel time spent in this place.
 D = Time resting spent in this place.
 E = Time spent auto-exploring this place.
 F = Levels seen in this place.
 G = Mean time per level.
                   A        B        C        D        E       F      G
               +--------+--------+--------+--------+--------+-----+--------+
         Total |   3669 |   3545 |    124 |      0 |   2857 |   5 |  733.8 |
       Dungeon |   3669 |   3545 |    124 |      0 |   2857 |   5 |  733.8 |
               +--------+--------+--------+--------+--------+-----+--------+

Top non-repeatable levels by time:
     D:3: 1000 daAuts
     D:2: 958 daAuts
     D:4: 737 daAuts
     D:1: 609 daAuts
     D:5: 364 daAuts
